 Seeded DCSS version 0.29.1-15-g9cfb28693d (webtiles) character file.

Game seed: 508 (custom seed)

29 tkbsonic5 the Shield-Bearer (level 3, -10/54 HPs)
             Began as a Troll Fighter on Mar 26, 2023.
             Engulfed by a cloud of flame (19 damage)
             ... on level 2 of the Dungeon.
             The game lasted 00:03:31 (878 turns).

tkbsonic5 the Shield-Bearer (Troll Fighter)          Turns: 878, Time: 00:03:32

Health: -10/54     AC: 21    Str: 26    XL:     3   Next: 1%
Magic:  2/2        EV:  1    Int:  4    God:
Gold:   89         SH:  7    Dex:  9    Spells: 2/2 levels left

rFire   . . .      SeeInvis +   a - +0 trident
rCold   . . .      Faith    .   c - +0 kite shield
rNeg    . . .      Spirit   .   (body armour currently unavailable)
rPois   +          Reflect  .   (helmet currently unavailable)
rElec   .          Harm     .   (cloak currently unavailable)
rCorr   .          Rampage  .   (gloves unavailable)
Will    .....      NoTele   +   (boots unavailable)
Stlth   +.........              (no amulet)
HPRegen 0.98/turn               i - ring of see invisible
MPRegen 0.08/turn               (no ring)

@: tree-form, attractive
A: stationary, stasis, torment immunity, boosted hp, large, unfitting armour,
(claws 3), regeneration 1, (shaggy fur 1), (tough skin 1), (sturdy frame 1)
a: no special abilities


You were on level 2 of the Dungeon.
You were a tree.
You visited 1 branch of the dungeon, and saw 2 of its levels.

You collected 89 gold pieces.

Inventory:

Hand Weapons
 a - a +0 trident (weapon)
Armour
 b - a +0 robe (melded)
 c - a +0 kite shield (worn)
Jewellery
 i - a ring of see invisible (left branch)
Potions
 d - 2 potions of might
 f - a potion of flight
 j - a potion of curing {unknown}
 o - a potion of invisibility {unknown}


   Skills:
 * Level 2.8 Fighting
 * Level 2.1 Polearms
 + Level 2.6 Dodging
 + Level 2.9 Shields


You had 2 spell levels left.
You didn't know any spells.
Your spell library was empty.

Dungeon Overview and Level Annotations

Branches:
Dungeon (2/15)

Altars:


Innate Abilities, Weirdness & Mutations

You are a tree.
Your roots penetrate the ground, keeping you stationary.
You cannot be teleported.
You are immune to unholy pain and torment.
Your maximum health is greatly increased.
Your equipment is partially melded.
You are too large for most types of armour.
((You have claws for hands.))
Your natural rate of healing is unusually fast.
((You are covered in fur. (AC +1)))
((You have tough skin. (AC +1)))
((Your movements are slightly less encumbered by armour. (ER -2)))


Message History

Unknown command.
You reach to attack!
You barely miss the frilled lizard. You closely miss the frilled lizard.
You block the frilled lizard's attack.
The frilled lizard bites you but does no damage.
You closely miss the frilled lizard. You block the frilled lizard's attack.
You closely miss the frilled lizard.
The frilled lizard bites you but does no damage.
You hit the frilled lizard.
You kill the frilled lizard!
The goblin hits you but does no damage.
Reach: a) +0 trident
Press: ? - help, Dir - move target, f - goblin
Aim: a goblin, wielding a +0 dagger (inner flame, about 55% to evade your +0 trident)
You puncture the goblin!
The goblin explodes!
The fiery explosion engulfs the goblin!!
You kill the goblin!
The fiery explosion engulfs you!!
Ouch! That really hurt!
* * * LOW HITPOINT WARNING * * *
You are engulfed in blazing flames.
* * * LOW HITPOINT WARNING * * *
You hear a shout!
You have reached level 3!
Your experience leads to an increase in your attributes!
Increase (S)trength, (I)ntelligence, or (D)exterity?
You feel stronger. x3
Okay, then.
You aren't carrying any scrolls.
Unknown command.
Unknown command.
It was a potion of mutation.
You feel extremely strange.
You feel less encumbered by your armour.
You are engulfed in blazing flames.
* * * LOW HITPOINT WARNING * * *
Unknown command.
It was a potion of attraction.
You feel attractive to monsters.
You are engulfed in blazing flames.
You die...

#.[...........#
............#.##
................
............g#
...........l.#
.............#
.............##
..............####
#...........?.)§♣♣
########.....####♣
#.....# ###.###
...# ♣.♣(> .g...
.♣ ♣


There were no monsters in sight!

Vanquished Creatures
  An adder (D:2)
  A dart slug (D:1)
  2 endoplasms (D:1)
  4 goblins
  2 hobgoblins (D:1)
  A quokka (D:1)
  A ball python (D:1)
  A frilled lizard (D:2)
  3 kobolds (D:1)
  A rat (D:1)
17 creatures vanquished.

Vanquished Creatures (others)
  A plant (D:2)
1 creature vanquished.

Grand Total: 18 creatures vanquished

Notes
Turn   | Place    | Note
-------+----------+-------------------------------------------
     0 | D:1      | tkbsonic5 the Troll Fighter began the quest for the Orb.
     0 | D:1      | Reached XP level 1. HP: 22/22 MP: 0/0
    43 | D:1      | Found a faded altar of an unknown god.
   171 | D:1      | Reached XP level 2. HP: 29/29 MP: 1/1
   877 | D:2      | Reached XP level 3. HP: 13/36 MP: 2/2
   877 | D:2      | Gained mutation: Your movements are slightly less
                  | encumbered by armour. (ER -2) [potion of mutation]
   878 | D:2      | Engulfed by a cloud of flame

Illustrated notes

Levels and vault maps discovered:
D:1:      dpeg_arrival_refuge, layout_basic,
          shapermc_ecumenical_altar_starsandcircs, nicolae_eternal_life,
          kennysheep_minor_cross, chequers_jeans
D:2:      layout_rooms, serial_forest, infiniplex_forest_lined_corner,
          infiniplex_forest_straight_5, infiniplex_forest_straight_2,
          infiniplex_forest_straight_4, infiniplex_forest_lined_ring,
          infiniplex_forest_corner_2, infiniplex_forest_lined_room_3,
          basic_altar, uniq_crazy_yiuf_cottage

Skill      XL: |  1  2 |
---------------+-------+-----
Polearms       | 2 |  2.1
Fighting       | |  2.8
Dodging        | |  2.6
Shields        | |  2.9

Action                   || total
-------------------------++-------
Melee: Trident           ||    55
  Use: Scroll            ||     6
       Potion            ||     3
 Stab: Sleeping          ||     1
Armor: Robe              ||     7
       Skin              ||     3
Dodge: Dodged            ||    13
Block: Kite shield       ||    10
